Map: Dusty Gorge

Players

GreaTBritain

  • Race: Protoss Protoss
  • League: Platinum
  • Spawn Location: 11:00

Vlad

  • Race: Zerg Zerg
  • League: Silver
  • Spawn Location: 9:00

ILIEKEGGPIE

  • Race: Protoss Protoss
  • League: Platinum
  • Spawn Location: 3:00

EquaL

  • Race: Protoss Protoss
  • Spawn Location: 5:00

VOD

Have the link to the VOD?

Description

Time

  • Played on: May 12, 2018, 3:12 p.m.
  • Length: 6:16
Show
View Real Time Build Order
Export as new Build Order

GreaTBritain Protoss 

Build Orders:  

Get SALT Encoding   

  12  0:01  Probe  
  13  0:13  Probe  
  14  0:20  Pylon  
  14  0:25  Probe  
  15  0:38  Forge  
  15  0:40  Probe  
  16  0:53  Gateway  
  16  0:54  Probe  
  17  1:06  Probe  
  17  1:07  Assimilator  
  18  1:11  Assimilator  
  18  1:19  Probe  
  19  1:29  Photon Cannon  
  19  1:31  Probe  
  20  1:45  Probe  
  20  1:53  Probe  
  21  1:55  Cybernetics Core  
  22  2:03  Probe  
  23  2:15  Gateway  
  23  2:18  Pylon  
  23  2:24  Pylon  
  23  2:36  Zealot, Probe  
  26  2:59  Nexus  
  26  3:18  Stargate  
  26  3:19  Stargate  
  26  3:25  Stargate  
  26  3:31  Probe  
  27  3:43  Warp Gate  
  27  3:44  Probe  
  27  3:45  Pylon  
  28  3:48  Stalker  
  30  3:56  Stalker  
  32  4:19  Oracle  
  33  4:45  Probe x2  
  35  4:49  Assimilator  
  35  4:53  Assimilator  
  35  4:55  Oracle  
  35  4:57  Probe x2  
  40  5:08  Oracle  
  40  5:09  Probe x2  
  42  5:21  Probe x2  
  47  5:33  Probe x2  
  47  5:34  Oracle  
  52  5:45  Probe x2  
Show
View Real Time Build Order
Export as new Build Order

Vlad Zerg 

Build Orders: Pool First 

Get SALT Encoding   

  12  0:02  Drone  
  13  0:26  Spawning Pool, Drone  
  13  1:05  Hatchery  
  13  1:06  Drone x2  
  14  1:14  Overlord  
  14  1:21  Extractor  
  14  1:22  Drone  
  14  1:32  Queen  
  14  1:38  Overlord  
  16  1:42  Drone  
  17  1:56  Zergling x2  
  18  2:05  Drone  
  19  2:09  Queen  
  21  2:22  Drone  
  22  2:26  Drone x2  
  24  2:30  Metabolic Boost  
  24  2:33  Zergling x2  
  25  2:37  Drone  
  25  2:43  Zergling x2  
  27  2:48  Zergling x4  
  27  2:51  Zergling x2  
  30  2:54  Zergling x2  
  30  2:56  Zergling x2  
  32  3:04  Baneling Nest  
  31  3:09  Drone, Extractor  
  31  3:21  Zergling x2  
  31  3:22  Zergling x6  
  35  3:27  Drone  
  30  3:58  Lair  
  30  4:06  Drone x3  
  30  4:07  Evolution Chamber, Drone x2  
  30  4:08  Drone  
  35  4:16  Extractor  
  34  4:19  Extractor  
  33  4:27  Spore Crawler  
  32  4:32  Spore Crawler  
  31  4:38  Zergling x2  
  31  4:39  Zergling x2  
  27  5:10  Zergling x6  
  30  5:15  Zergling x4  
  30  5:16  Zergling x8  
  30  5:18  Overlord  
  36  5:25  Spore Crawler  
  35  5:29  Overlord x3  
  35  5:45  Zergling x4  
  35  5:46  Zergling x6  
  40  5:50  Zergling x4  
Show
View Real Time Build Order
Export as new Build Order

ILIEKEGGPIE Protoss 

Build Orders:  

Get SALT Encoding   

  12  0:01  Probe  
  13  0:13  Probe  
  14  0:23  Pylon  
  14  0:26  Probe  
  15  0:41  Probe  
  16  0:43  Gateway  
  16  0:53  Probe  
  16  0:56  Assimilator  
  17  1:05  Probe  
  18  1:17  Probe  
  19  1:37  Probe, Cybernetics Core  
  20  1:43  Assimilator  
  20  1:47  Probe  
  21  1:55  Probe  
  22  2:02  Nexus  
  22  2:03  Probe  
  23  2:14  Probe  
  23  2:23  Warp Gate  
  23  2:29  Pylon  
  23  2:39  Adept  
  25  2:53  Stargate  
  25  3:02  Robotics Facility  
  25  3:05  Probe  
  26  3:10  Stalker  
  28  3:14  Probe  
  28  3:17  Probe  
  30  3:22  Probe  
  31  3:29  Probe  
  31  3:31  Probe  
  33  3:41  Probe  
  33  3:42  Observer  
  33  3:43  Probe  
  35  3:53  Probe  
  37  3:56  Probe  
  38  4:05  Probe  
  38  4:06  Warp Prism  
  38  4:07  Probe  
  42  4:15  Probe  
  42  4:17  Gateway  
  42  4:18  Probe  
  42  4:19  Gateway  
  42  4:20  Gateway  
  42  4:23  Probe  
  45  4:34  Probe  
  46  4:41  Gateway  
  46  4:42  Gateway  
  44  4:49  Pylon  
  44  4:50  Gateway  
  42  5:23  Pylon  
  42  5:25  Pylon  
  42  5:36  Immortal  
  42  5:49  Assimilator  
  46  5:53  Assimilator, Sentry x3  
  46  5:54  Stalker  
  46  5:55  Stalker x2, Zealot, Pylon  
  60  5:57  Pylon  
  60  5:59  Pylon  
Show
View Real Time Build Order
Export as new Build Order

EquaL Protoss 

Build Orders: Oracle Opening, Carrier Rush 

Get SALT Encoding   

  12  0:02  Probe  
  13  0:17  Probe  
  13  0:20  Pylon  
  14  0:25  Probe  
  15  0:36  Probe  
  15  0:40  Gateway  
  16  0:48  Probe  
  17  0:51  Assimilator  
  17  0:58  Pylon  
  17  1:01  Probe  
  18  1:12  Forge  
  18  1:20  Assimilator  
  18  1:28  Cybernetics Core  
  18  1:34  Probe  
  19  1:47  Pylon  
  19  1:51  Photon Cannon  
  19  1:56  Probe  
  20  2:10  Stargate  
  20  2:19  Probe, Photon Cannon  
  20  2:27  Probe  
  22  2:37  Probe  
  22  2:44  Oracle  
  23  2:49  Probe  
  27  3:13  Nexus  
  27  3:15  Protoss Air Weapons Level 1, Probe  
  28  3:27  Probe  
  29  3:59  Fleet Beacon  
  29  4:01  Pylon  
  29  4:05  Probe  
  30  4:10  Assimilator  
  30  4:13  Probe  
  30  4:15  Assimilator  
  30  4:23  Probe  
  31  4:24  Probe  
  33  4:32  Probe  
  33  4:33  Carrier  
  33  4:35  Probe  
  35  4:42  Probe  
  42  5:15  Graviton Catapult  
  42  5:18  Probe  
  42  5:21  Probe  
  44  5:30  Probe  
  44  5:33  Probe  
  46  5:40  Nexus  
  46  5:42  Assimilator, Probe  
  47  5:45  Probe  
  47  5:47  Assimilator  
  48  5:53  Pylon  
  48  5:54  Probe  
  49  5:58  Pylon  
  49  6:03  Shield Battery  
Tags
 
Add a new tag
Caveats
  • Supply blocks, unpowered buildings, or Contaminate may cause inaccurate times.
  • Supply counts are checked every 10 seconds.